 Seeded DCSS version 0.29-a0-643-ga013cefcf8 (webtiles) character file.

Game seed: 10802498693541890562 (custom seed)

435 wilfster70 the Cleaver (level 7, -1/57 HPs)
             Began as a Hill Orc Fighter on June 19, 2022.
             Slain by Duvessa
             ... wielding a +0 short sword of electrocution
              (11 damage)
             ... on level 4 of the Dungeon.
             The game lasted 00:07:16 (4117 turns).

wilfster70 the Cleaver (Hill Orc Fighter)           Turns: 4117, Time: 00:07:16

Health: -1/57      AC: 10    Str: 21    XL:     7   Next: 0%
Magic:  7/7        EV:  7    Int:  8    God:
Gold:   1267       SH:  4    Dex: 10    Spells: 6/6 levels left

rFire   . . .      SeeInvis .   a - +0 war axe
rCold   . . .      Faith    .   c - +0 buckler
rNeg    . . .      Spirit   .   e - +0 chain mail
rPois   .          Reflect  .   r - +0 helmet
rElec   .          Harm     .   (no cloak)
rCorr   .          Rampage  .   (no gloves)
Will    .....                   (no boots)
Stlth   ..........              (no amulet)
HPRegen 0.19/turn               (no ring)
MPRegen 0.10/turn               (no ring)

@: mighty, lit by a corona, glowing
A: no striking features
a: no special abilities


You were on level 4 of the Dungeon.
You visited 1 branch of the dungeon, and saw 4 of its levels.
You also visited: Sewer.

You collected 1267 gold pieces.

Inventory:

Hand Weapons
 a - a +0 war axe (weapon)
 b - a +2 vorpal flail
Missiles
 m - 5 curare-tipped darts (quivered)
Armour
 c - a +0 buckler (worn)
 e - a +0 chain mail (worn)
 r - a +0 helmet (worn)
Scrolls
 f - a scroll of fog {unknown}
 g - 3 scrolls of teleportation {unknown}
 h - a scroll of brand weapon {unknown}
 k - 3 scrolls of identify {unknown}
 l - a scroll of enchant armour {unknown}
 p - a scroll of poison {unknown}
 q - 6 scrolls of fear {unknown}
 s - a scroll of enchant weapon {unknown}
Potions
 i - a potion of haste {unknown}
 j - a potion of berserk rage {unknown}
 n - a potion of brilliance {unknown}
 o - a potion of magic {unknown}
 t - 6 potions of flight


   Skills:
 - Level 3.6 Fighting
 + Level 9.6 Axes
 - Level 3.2 Armour
 - Level 3.2 Shields


You had 6 spell levels left.
You didn't know any spells.
Your spell library contained the following spells:

 Spells                   Type           Power      Damage    Failure   Level
 Static Discharge         Conj/Air       0%         N/A       100%        2
 Dispel Undead            Necr           0%         3d6       100%        4
 Sticky Flame             Conj/Fire      0%         2d3       100%        4
 Freezing Cloud           Conj/Ice/Air   0%         6-21      100%        5
 Simulacrum               Ice/Necr       0%         N/A       100%        6
 Polar Vortex             Ice            0%         N/A       100%        9


Dungeon Overview and Level Annotations

Branches:
Dungeon (4/15)              Sewer (visited)
 Temple: D:4-7

Altars:

Annotations:
D:4 Dowan, Duvessa


Message History

Dowan hits you but does no damage.
A kobold comes into view. It is wielding a +0 dagger.
You barely miss Duvessa.
Duvessa is moderately wounded.
You closely miss Dowan.
The kobold shouts!
You block Duvessa's attack. Dowan hits you but does no damage.
You hit Duvessa but do no damage.
Duvessa is moderately wounded.
You barely miss Dowan. Duvessa barely misses you.
Dowan hits you but does no damage.
You hit Duvessa but do no damage.
Duvessa is moderately wounded.
You closely miss Dowan. Duvessa hits you but does no damage.
You are electrocuted!
Dowan smirks and points a slender finger.
Dowan barely misses you.
You barely miss Duvessa.
Duvessa is moderately wounded.
You barely miss Dowan.
Duvessa hits you with a +0 short sword of electrocution.
Dowan hits you but does no damage.
You hit Duvessa.
Duvessa is moderately wounded.
You hit Dowan.
Duvessa hits you with a +0 short sword of electrocution.
* * * LOW HITPOINT WARNING * * *
Dowan hits you but does no damage.
You feel very mighty all of a sudden. Duvessa hits you but does no damage.
Dowan hits you but does no damage.
You barely miss Duvessa.
Duvessa is moderately wounded.
You closely miss Dowan.
Duvessa hits you with a +0 short sword of electrocution.
* * * LOW HITPOINT WARNING * * *
Dowan barely misses you.
Duvessa hits you with a +0 short sword of electrocution.
* * * LOW HITPOINT WARNING * * *
You are electrocuted!
You die...

#[# #.... #.# #.... #.#
#... ########.# #...
#....)...#
####...##.#####.##
..............#†######.
.......e...............
......e@..?..(.....###.
##.#..K#..##.##<##.#
#...............# .#
#..#.....###.##!# # #.
#.....# #.##.# #
#.....# #.##.# .......#
#..... ......## ### ..


You could see Duvessa, Dowan and a kobold.

Vanquished Creatures
  Pargi (D:3)
  Terence (D:3)
  3 orc wizards (D:3)
  Robin (D:2)
  8 adders
  4 river rats (Sewer)
  3 worms (D:2)
  2 orcs (D:3)
  13 ball pythons
  9 bats
  9 endoplasms
  6 giant cockroaches
  5 hobgoblins
  6 jackals
  7 kobolds
  7 quokkas
  16 frilled lizards
  13 goblins
  7 rats
121 creatures vanquished.

Vanquished Creatures (others)
  6 plants (D:3)
6 creatures vanquished.

Grand Total: 127 creatures vanquished

Notes
Turn   | Place    | Note
-------+----------+-------------------------------------------
     0 | D:1      | wilfster70 the Hill Orc Fighter began the quest for the
                  | Orb.
     0 | D:1      | Reached XP level 1. HP: 19/19 MP: 1/1
     9 | D:1      | Identified a scroll of acquirement
     9 | D:1      | Acquired 1051 gold pieces
   114 | D:1      | Reached skill level 3 in Axes
   131 | D:1      | Reached XP level 2. HP: 6/26 MP: 2/2
   447 | D:1      | Reached skill level 4 in Axes
   660 | D:1      | Reached XP level 3. HP: 31/31 MP: 3/3
   834 | D:1      | Found Resops's Armour Shop.
   965 | D:1      | Reached skill level 5 in Axes
  1459 | D:2      | Reached XP level 4. HP: 31/39 MP: 4/4
  1958 | D:2      | Noticed Robin
  1977 | D:2      | Reached skill level 6 in Axes
  1984 | D:2      | Killed Robin
  2369 | D:3      | Found a glowing drain.
  2373 | Sewer    | Entered a sewer
  2380 | Sewer    | Reached XP level 5. HP: 29/45 MP: 5/5
  2599 | Sewer    | Reached skill level 7 in Axes
  3062 | D:3      | Noticed Terence
  3068 | D:3      | Killed Terence
  3069 | D:3      | Reached skill level 8 in Axes
  3069 | D:3      | Reached XP level 6. HP: 49/51 MP: 6/6
  3468 | D:3      | Noticed Pargi
  3481 | D:3      | Killed Pargi
  3621 | D:3      | Found a faded altar of an unknown god.
  3800 | D:3      | Reached skill level 9 in Axes
  4088 | D:4      | Reached XP level 7. HP: 55/57 MP: 7/7
  4099 | D:4      | Noticed Dowan
  4100 | D:4      | Noticed Duvessa
  4117 | D:4      | Slain by Duvessa

Illustrated notes

Levels and vault maps discovered:
D:1:      kilobyte_arrival_exit_the_forest, layout_loops_ring, serial_shops,
          shop
D:2:      layout_basic, uniq_robin
D:3:      layout_loops_corners, hellmonk_ecumenical_altar_pennies_from_heaven,
          gup_sewer_entry_bowl, chequers_serial_rivers_micro_d,
          minmay_lizard_king, uniq_pargi, uniq_terence
D:4:      layout_loops_cross, ebering_ghost_disaster_area, abandoned_shop,
          chequers_serial_rivers_room_b, minmay_misc_feat_doors,
          hangedman_decor_slide_cut, uniq_edmund, uniq_duvessa, uniq_menkaure

Skill      XL: |  1  2  3  4  5  6 |
---------------+-------------------+-----
Axes           | 3 4 5 6 8 9 |  9.6
Fighting       | |  3.6
Armour         | |  3.2
Shields        | |  3.2

Action                   |  1- 3 |  4- 6 |  7- 9 || total
-------------------------+-------+-------+-------++-------
Melee: War axe           |    87 |   204 |    16 ||   307
  Use: Scroll            |     1 |       |       ||     1
       Potion            |       |       |     1 ||     1
Armor: Scale mail        |    34 |   131 |       ||   165
       Chain mail        |       |    38 |    11 ||    49
Dodge: Dodged            |    38 |   135 |     4 ||   177
Block: Buckler           |    23 |    70 |     5 ||    98

Table legend: (Time is in decaauts)
 A = Elapsed time spent in this place.
 B = Non-inter-level travel time spent in this place.
 C = Inter-level travel time spent in this place.
 D = Time resting spent in this place.
 E = Time spent auto-exploring this place.
 F = Levels seen in this place.
 G = Mean time per level.
                   A        B        C        D        E       F      G
               +--------+--------+--------+--------+--------+-----+--------+
         Total |   4324 |   4234 |     90 |    760 |   2089 |   5 |  864.8 |
       Dungeon |   3503 |   3413 |     90 |    562 |   1985 |   4 |  875.8 |
         Sewer |    820 |    820 |      0 |    198 |    103 |   1 |  820.0 |
               +--------+--------+--------+--------+--------+-----+--------+

Top non-repeatable levels by time:
     D:1: 1371 daAuts
     D:3: 1090 daAuts
     D:2: 957 daAuts
   Sewer: 820 daAuts
     D:4: 83 daAuts
